 Dungeon Crawl Stone Soup version 0.28-a0-1624-g820543e53a (webtiles) character file.

Game seed: 13960711296791613963

132 HallandMoats the Skirmisher (level 5, -4/46 HPs)
             Began as a Ghoul Fighter on Jan 24, 2022.
             Was a Plaything of Xom.
             Killed from afar by a kobold (32 damage)
             ... with a bolt of acid
             ... on level 3 of the Dungeon.
             The game lasted 00:03:27 (3827 turns).

HallandMoats the Skirmisher (Ghoul Fighter)         Turns: 3827, Time: 00:03:28

Health: -4/46      AC:  6    Str: 20    XL:     5   Next: 15%
Magic:  4/4        EV:  9    Int:  5    God:    Xom [..*...]
Gold:   58         SH:  4    Dex:  8    Spells: 4/4 levels left

rFire   . . .      SeeInvis .   l - +0 hand axe (elec)
rCold   + . .      Faith    .   b - +0 buckler
rNeg    + + +      Spirit   .   a - +0 scale mail
rPois   ∞          Reflect  .   (no helmet)
rElec   .          Harm     .   (no cloak)
rCorr   .          Rampage  .   (no gloves)
Will    .....                   (no boots)
Stlth   ..........              (no amulet)
HPRegen 0.00/turn               (no ring)
MPRegen 0.09/turn               (no ring)

@: inhibited regen
A: claws 1, cold resistance 1, negative energy resistance 3, inhibited
regeneration, torment resistance 2
a: Renounce Religion


You were on level 3 of the Dungeon.
You worshipped Xom.
You were a toy of Xom.
You visited 1 branch of the dungeon, and saw 3 of its levels.

You collected 58 gold pieces.

Inventory:

Hand Weapons
 l - a +0 hand axe of electrocution (weapon)
Missiles
 k - a throwing net (quivered)
Armour
 a - a +0 scale mail (worn)
 b - a +0 buckler (worn)
Jewellery
 n - a +4 ring of protection
 p - an amulet of regeneration
Wands
 h - a wand of flame (32)
Scrolls
 d - a scroll of noise {unknown}
 f - a scroll of immolation {unknown}
 g - a scroll of vulnerability {unknown}
 j - a scroll of fog {unknown}
 o - a scroll of enchant weapon {unknown}
 q - a scroll of fear {unknown}
 r - a scroll of blinking {unknown}
 s - a scroll of enchant armour {unknown}
Potions
 c - a potion of might
 e - 3 potions of degeneration {unknown}
 i - a potion of berserk rage {unknown}
 m - a potion of attraction {unknown}


   Skills:
 * Level 4.3 Fighting
 + Level 3.1 Armour
 + Level 1.3 Dodging
 + Level 3.2 Shields
 * Level 3.5 Unarmed Combat


You had 4 spell levels left.
You didn't know any spells.
Your spell library contained the following spells:

 Spells                   Type           Power      Damage    Failure   Level
 Pain                     Necr           0%         1d4       89%         1
 Agony                    Necr           0%         N/A       100%        5
 Excruciating Wounds      Necr           0%         N/A       100%        5


Dungeon Overview and Level Annotations

Branches:
Dungeon (3/15)

Altars:
Sif Muna
Xom

Shops:
D:2 [   D:3 (

Annotations:
D:3 mcsnuffy's ghost, amateur DsGl


Innate Abilities, Weirdness & Mutations

You thrive by killing the living.
You are immune to poison.
You have sharp fingernails.
Your flesh is cold resistant. (rC+)
You are immune to negative energy. (rN+++)
You do not regenerate when monsters are visible.
You are immune to unholy pain and torment.


Message History

The kobold brigand shouts!
Could not explore, unopened runed door.
Could not explore, unopened runed door.
Could not explore, unopened runed door.
You open the gate.
The kobold zaps a wand.
The bolt of acid hits the kobold!!!
The acid corrodes the kobold!
The kobold dies!
The bolt of acid hits you!!
Ouch! That really hurt!
The acid corrodes you!
There is a stone staircase leading up here.
You climb upwards.
There is a stone staircase leading down here.
You barely miss the kobold. The kobold hits you but does no damage.
You barely miss the kobold. The kobold hits you with a +0 whip.
You block the kobold's attack.
You closely miss the kobold. The kobold hits you with a +0 whip.
You closely miss the kobold. The kobold hits you but does no damage.
You barely miss the kobold. The kobold hits you with a +0 whip.
You block the kobold's attack.
You barely miss the kobold. The kobold hits you with a +0 whip.
* * * LOW HITPOINT WARNING * * *
You hit the kobold.
You kill the kobold!
You are no longer corroded.
Things that are here:
a +0 whip; a kobold corpse You start resting.
HP restored.
Things that are here:
a +0 whip; a kobold skeleton
There is a stone staircase leading down here.
You climb downwards.
Level annotation: mcsnuffy's ghost, amateur DsGl The kobold zaps a wand.
The bolt of acid hits you!!
There is a stone staircase leading up here.
The kobold zaps a wand.
The bolt of acid hits you!!
Ouch! That really hurt!
You die...
Xom cackles wildly!

########### ### #.........#
###########.# #.#######.#
#...(........ #.# ##.#
#.#.#######.# #.# ####..#
##....######.# #.#
#.....####.#....##.....
#.###.##..@...###..###.##.#
#.#....K.K####.#..## #.##.#
#.#.#.###K#####.#.# #.##..
#.......K.#..###### #.####
###...###.#.##.8.## #.####
#...# #W#.#.....# #.....
#..####K..KW###..########
#..##.#..K'.K....#.## ##
#..#....#.)K###..#..####.


You could see mcsnuffy's ghost and 5 kobolds.

Vanquished Creatures
  2 orc wizards (D:3)
  An adder (D:3)
  A worm (D:2)
  2 dart slugs (D:2)
  7 orcs (D:3)
  5 ball pythons
  6 endoplasms
  2 giant cockroaches (D:1)
  7 goblins
  6 hobgoblins
  3 jackals (D:1)
  2 quokkas
  3 bats
  5 frilled lizards
  7 kobolds
  4 rats
63 creatures vanquished.

Vanquished Creatures (collateral kills)
  A worm (D:3)
  A giant cockroach (D:3)
  3 rats (D:3)
5 creatures vanquished.

Vanquished Creatures (others)
  A kobold (D:3)
  2 fungi (D:3)
  5 plants (D:3)
8 creatures vanquished.

Grand Total: 76 creatures vanquished

Notes
Turn   | Place    | Note
-------+----------+-------------------------------------------
     0 | D:1      | HallandMoats the Ghoul Fighter began the quest for the Orb.
     0 | D:1      | Reached XP level 1. HP: 19/19 MP: 0/0
   135 | D:1      | Reached XP level 2. HP: 14/26 MP: 1/1
  1051 | D:2      | Reached XP level 3. HP: 33/33 MP: 2/2
  1076 | D:2      | Found a faded altar of an unknown god.
  1156 | D:2      | Prayed at the altar of an unknown god.
  1156 | D:2      | Became a worshipper of Xom of Chaos
  1430 | D:2      | XOM: divination: magic mapping
  1606 | D:2      | Found Zyptu's Antique Armour Boutique.
  1673 | D:2      | XOM: cloud trail
  1953 | D:3      | Found a runed translucent gate.
  1953 | D:3      | Found a runed translucent gate.
  1953 | D:3      | Found a runed translucent gate.
  2004 | D:3      | XOM: silly message
  2102 | D:3      | Noticed mcsnuffy's ghost (amateur DsGl)
  2102 | D:3      | Noticed a kobold brigand
  2143 | D:3      | Identified the +10 whip "Zidiunk" {holy, rPois rN+ Str+2}
  2217 | D:3      | XOM: divination: detect creatures
  2226 | D:3      | Reached skill level 1 in Dodging
  2226 | D:3      | Reached XP level 4. HP: 15/40 MP: 3/3
  2245 | D:3      | XOM: silly message
  2443 | D:3      | Reached skill level 4 in Fighting
  2626 | D:3      | Found a shimmering blue altar of Sif Muna.
  3017 | D:3      | Found Etuc's Weapon Boutique.
  3077 | D:3      | XOM: enchant monster (good)
  3082 | D:3      | Reached XP level 5. HP: 32/46 MP: 4/4
  3095 | D:3      | XOM: polymorph river rat -> orc
  3532 | D:3      | XOM: silly message
  3827 | D:3      | Killed from afar by a kobold

Illustrated notes

Levels and vault maps discovered:
D:1:      sevenhm_arrival_forest_fort_large_2, layout_rooms, serial_forest,
          infiniplex_forest_straight_2, infiniplex_forest_lined_room_,
          infiniplex_forest_split, infiniplex_forest_clump_small,
          infiniplex_forest_straight_2, infiniplex_forest_lined_room_2,
          serial_bayou_ford_a
D:2:      layout_loops_corners, ebering_ecumenical_altar_hall, serial_shops,
          shop
D:3:      layout_loops_corners, kennysheep_orc_sif_temple, portal_sewer_entry_e,
          serial_shops, shop_statue, gammafunk_ghost_nasty_kobolds,
          fountainhead, serial_bayou_crossing

Skill      XL: |  1  2  3  4 |
---------------+-------------+-----
Shields        | 3 |  3.2
Unarmed Combat | 3 |  3.5
Dodging        | 1 |  1.3
Armour         | 3 |  3.1
Fighting       | 4 |  4.3

Action                   |  1- 3 |  4- 6 || total
-------------------------+-------+-------++-------
Melee: Unarmed           |   153 |    13 ||   166
       Hand axe          |       |    56 ||    56
Armor: Scale mail        |    45 |    26 ||    71
Dodge: Dodged            |    63 |    18 ||    81
Block: Buckler           |    19 |    10 ||    29

Table legend: (Time is in decaauts)
 A = Elapsed time spent in this place.
 B = Non-inter-level travel time spent in this place.
 C = Inter-level travel time spent in this place.
 D = Time resting spent in this place.
 E = Time spent auto-exploring this place.
 F = Levels seen in this place.
 G = Mean time per level.
                   A        B        C        D        E       F      G
               +--------+--------+--------+--------+--------+-----+--------+
         Total |   3866 |   3798 |     68 |    320 |   2968 |   3 | 1288.7 |
       Dungeon |   3866 |   3798 |     68 |    320 |   2968 |   3 | 1288.7 |
               +--------+--------+--------+--------+--------+-----+--------+

Top non-repeatable levels by time:
     D:3: 1704 daAuts
     D:2: 1109 daAuts
     D:1: 1052 daAuts
